 Dungeon Crawl Stone Soup version 0.27-a0-40-g5f2be0e231 (webtiles) character file.

Game seed: 5923006915689514793

28 kae the Chopper (level 3, 0/33 HPs)
             Began as a Hill Orc Fighter on Jan 5, 2021.
             Slain by a gnoll
             ... wielding a +0 halberd
              (13 damage)
             ... on level 2 of the Dungeon.
             The game lasted 00:00:27 (889 turns).

kae the Chopper (Hill Orc Fighter)                   Turns: 889, Time: 00:00:27

Health: 0/33       AC:  6    Str: 19    XL:     3   Next: 14%
Magic:  3/3        EV:  7    Int:  8    God:
Gold:   29         SH:  9    Dex: 10    Spells: 2/2 levels left

rFire    . . .     SeeInvis .   a - +0 war axe
rCold    . . .     Faith    .   c - +0 kite shield
rNeg     . . .     Spirit   .   b - +0 scale mail
rPois    .         Reflect  .   (no helmet)
rElec    .         Harm     .   (no cloak)
rCorr    .         Rampage  .   (no gloves)
Will     .....                  (no boots)
Stlth    ..........             (no amulet)
HPRegen  0.11/turn              (no ring)
MPRegen  0.08/turn              (no ring)

@: no status effects
A: no striking features
a: no special abilities


You were on level 2 of the Dungeon.
You visited 1 branch of the dungeon, and saw 2 of its levels.

You collected 29 gold pieces.

Inventory:

Hand Weapons
 a - a +0 war axe (weapon)
Armour
 b - a +0 scale mail (worn)
 c - a +0 kite shield (worn)
Jewellery
 h - an uncursed ring of positive energy {unknown}
 k - an uncursed amulet of faith {unknown}
Scrolls
 g - a scroll of random uselessness {unknown}
 i - a scroll of teleportation {unknown}
 l - a scroll of identify {unknown}
Potions
 d - a potion of might
 e - a potion of brilliance {unknown}
 f - 2 potions of curing {unknown}
 j - a potion of heal wounds {unknown}
 m - a potion of flight {unknown}
 n - a potion of ambrosia {unknown}


   Skills:
 + Level 4.1 Fighting
 * Level 4.2 Axes
 - Level 3.2 Armour
 - Level 3.2 Shields


You had 2 spell levels left.
You didn't know any spells.
Your spell library was empty.

Dungeon Overview and Level Annotations

Branches:
Dungeon (2/15)

Altars:


Message History

The gnoll is heavily wounded.
You barely miss the gnoll.
The gnoll hits you from afar with a +0 halberd.
The gnoll hits you from afar with a +0 halberd!
The gnoll closely misses you. The gnoll hits you but does no damage.
You are too injured to fight recklessly!
There are monsters nearby!
You are too injured to fight recklessly!
You are too injured to fight recklessly!
You are too injured to fight recklessly!
You are too injured to fight recklessly!
You are too injured to fight recklessly!
You are too injured to fight recklessly!
You closely miss the gnoll.
The gnoll is heavily wounded.
You barely miss the gnoll. You block the gnoll's attack. x2
The gnoll hits you from afar with a +0 halberd.
The gnoll hits you but does no damage.
The gnoll hits you from afar with a +0 halberd!
You die...

..# ### ..# ..#
###..## # #)# ......
####.##.##.##...#
.....ggg.#.#....#
.....g.@...#..#.. #
.........###..#.#.#
#####..#...#..#.#.###
##.#......#.....#
#.###.##...#... #.
#.####.#.# # ..
#........#.#### ..
######.#.#....
#....†#...####


You could see 4 gnolls.

Vanquished Creatures
  An ooze (D:1)
  A leopard gecko (D:1)
  2 giant cockroaches
  4 goblins (D:1)
  3 hobgoblins (D:1)
  2 frilled lizards (D:1)
  2 kobolds (D:1)
  8 rats (D:1)
23 creatures vanquished.

Notes
Turn   | Place    | Note
-------+----------+-------------------------------------------
     0 | D:1      | kae the Hill Orc Fighter began the quest for the Orb.
     0 | D:1      | Reached XP level 1. HP: 19/19 MP: 1/1
   149 | D:1      | Reached XP level 2. HP: 21/27 MP: 2/2
   509 | D:1      | Reached XP level 3. HP: 25/33 MP: 3/3
   889 | D:2      | Slain by a gnoll

Illustrated notes

Levels and vault maps discovered:
D:1:      kilobyte_arrival_exit_the_forest, layout_rooms, serial_park_tiny_1
D:2:      layout_basic, minmay_between

Skill      XL: |  1  2 |
---------------+-------+-----
Axes           | 3 4 |  4.2
Fighting       | 4 |  4.1
Armour         | |  3.2
Shields        | |  3.2

Action                   || total
-------------------------++-------
Melee: War axe           ||    70
Armor: Scale mail        ||    26
Dodge: Dodged            ||    10
Block: Kite shield       ||    37

Table legend: (Time is in decaauts)
 A = Elapsed time spent in this place.
 B = Non-inter-level travel time spent in this place.
 C = Inter-level travel time spent in this place.
 D = Time resting spent in this place.
 E = Time spent auto-exploring this place.
 F = Levels seen in this place.
 G = Mean time per level.
                   A        B        C        D        E       F      G
               +--------+--------+--------+--------+--------+-----+--------+
         Total |    922 |    913 |      9 |      0 |    734 |   2 |  461.0 |
       Dungeon |    922 |    913 |      9 |      0 |    734 |   2 |  461.0 |
               +--------+--------+--------+--------+--------+-----+--------+

Top non-repeatable levels by time:
     D:1: 846 daAuts
     D:2: 76 daAuts
